 Dungeon Crawl Stone Soup version 0.26.1-11-gd32895ea62 (webtiles) character file.

Game seed: 13673171574471975125

1508 nothank2 the Carver (level 9, -4/72 HPs)
             Began as a Formicid Fighter on July 11, 2021.
             Was a Follower of Makhleb.
             Slain by a two-headed ogre
             ... wielding a cursed -3 giant spiked club
              (15 damage)
             ... on level 6 of the Dungeon.
             The game lasted 00:22:44 (5814 turns).

nothank2 the Carver (Formicid Fighter)              Turns: 5814, Time: 00:22:45

Health: -4/72      AC: 12    Str: 23    XL:     9   Next: 9%
Magic:  9/9        EV:  8    Int:  9    God:    Makhleb [*.....]
Gold:   283        SH:  9    Dex: 10    Spells: 8/8 levels left

rFire    . . .     SeeInvis +   u - +2 long sword (drain)
rCold    . . .     Faith    .   c - +0 kite shield
rNeg     . . .     Spirit   .   b - +0 scale mail
rPois    .         Reflect  .   (helmet unavailable)
rElec    .         Harm     .   t - +0 cloak
rCorr    .         Rampage  .   (no gloves)
Will     .....                  (no boots)
Stlth    ..........             (no amulet)
HPRegen  0.22/turn              f - +4 ring of protection
MPRegen  0.11/turn              (no ring)

@: no status effects
A: permanent stasis, dig shafts and tunnels, four strong arms, antennae 3
a: Dig, Shaft Self, Renounce Religion


You were on level 6 of the Dungeon.
You worshipped Makhleb.
Makhleb was aware of your devotion.
You visited 2 branches of the dungeon, and saw 7 of its levels.

You collected 283 gold pieces.

Inventory:

Hand Weapons
 a - a +0 long sword
 g - a +0 dagger
 u - a +2 long sword of draining (weapon)
Missiles
 w - 14 poisoned darts (quivered)
Armour
 b - a +0 scale mail (worn)
 c - a +0 kite shield (worn)
 t - a +0 cloak (worn)
 v - the +4 ring mail "Bonyargh" {-Tele Harm *Slow Int+8, unknown}
   (You found it on level 5 of the Dungeon)

   It affects your intelligence (+8).
   It prevents most forms of teleportation.
   It may slow you when you take damage.
   It increases damage dealt and taken.
Jewellery
 f - a +4 ring of protection (left hand)
 l - a +6 ring of intelligence {unknown}
 r - an uncursed amulet of magic regeneration {unknown}
Wands
 x - a wand of random effects (23)
Scrolls
 e - 12 scrolls of identify {unknown}
 i - 6 scrolls of teleportation {unknown}
 j - 8 scrolls of remove curse {unknown}
 p - a scroll of random uselessness {unknown}
 q - 2 scrolls of enchant armour {unknown}
 s - 3 scrolls of magic mapping {unknown}
 y - a scroll of enchant weapon {unknown}
 B - a scroll of fog {unknown}
Potions
 d - 2 potions of might
 h - 3 potions of curing {unknown}
 k - a potion of flight {unknown}
 m - 2 potions of lignification {unknown}
 n - a potion of mutation {unknown}
 o - 2 potions of degeneration {unknown}
 z - a potion of ambrosia {unknown}
 A - a potion of heal wounds {unknown}


   Skills:
 + Level 7.4 Fighting
 * Level 9.0 Long Blades
 - Level 3.2 Armour
 - Level 3.6 Shields


You had 8 spell levels left.
You didn't know any spells.
Your spell library was empty.

Dungeon Overview and Level Annotations

Branches:
Dungeon (6/15)             Temple (1/1) D:5

Altars:
Ashenzari
Cheibriados
Dithmenos
Elyvilon
Gozag
Hepliaklqana
Kikubaaqudgha
Makhleb
Nemelex Xobeh
Okawaru
Qazlal
Sif Muna
Trog
Uskayaw
Vehumet
Wu Jian
Yredelemnul
Zin
The Shining One

Shops:
D:4 =


Innate Abilities, Weirdness & Mutations

You cannot be hasted, slowed, berserked, paralysed or teleported.
You can dig through walls and to a lower floor.
Your four strong arms can wield two-handed weapons with a shield.
You have a pair of large antennae on your head. (SInv)


Message History

The two-headed ogre is lightly wounded.
You slash the two-headed ogre! You drain the two-headed ogre.
The two-headed ogre is heavily wounded.
You block the two-headed ogre's attack. x2
You hit the two-headed ogre but do no damage.
The two-headed ogre is heavily wounded.
The two-headed ogre barely misses you.
The two-headed ogre hits you with a +0 giant spiked club!
You hit the two-headed ogre. You drain the two-headed ogre.
The two-headed ogre is severely wounded.
Your shield and scale mail prevent you from hitting the two-headed ogre.
The two-headed ogre is severely wounded.
The two-headed ogre hits you with a cursed -3 giant spiked club!
The two-headed ogre hits you with a +0 giant spiked club!
You slash the two-headed ogre!
The two-headed ogre is almost dead.
The two-headed ogre hits you with a cursed -3 giant spiked club!
* * * LOW HITPOINT WARNING * * *
The two-headed ogre hits you with a +0 giant spiked club!
You die...

#$)......# #)##(##..#
# ##+## #O##...^.# #
##...## #(#####..##
##.....###.# #.....#
##.......##(###.#..##
###.........#.##....##
..'.........'.>.O...#
###.........#...@...#
# ##.......######.###
# ##.....## #.# #
##...## ... # ##+##
#.#.. # #. .#. # ##
##.# # # #


You could see a two-headed ogre (drained).

Vanquished Creatures
  An ice beast (D:6)
  2 ogres
  A phantom (D:5)
  2 bullfrogs (D:6)
  A water moccasin zombie (D:6)
  A wyvern skeleton (D:6)
  4 howler monkeys
  2 bullfrog zombies
  A quasit (D:2)
  A centaur zombie (D:6)
  A centaur skeleton (D:6)
  A gnoll shaman (D:5)
  3 orc wizards
  3 hounds (D:4)
  A bullfrog skeleton (D:5)
  Ijyb (D:5)
  An iguana (D:5)
  2 worker ants (D:6)
  Robin (D:4)
  A worker ant zombie (D:5)
  6 gnolls (D:5)
  9 adders
  An adder skeleton (D:4)
  3 worms
  5 leopard geckos
  16 orcs
  8 bats
  4 giant cockroaches
  14 hobgoblins
  12 jackals
  4 quokkas
  4 ball pythons
  3 frilled lizards
  12 goblins
  4 kobolds
  A quokka zombie (D:5)
  6 rats
143 creatures vanquished.

Vanquished Creatures (others)
  A plant (D:3)
1 creature vanquished.

Grand Total: 144 creatures vanquished

Notes
Turn   | Place    | Note
-------+----------+-------------------------------------------
     0 | D:1      | nothank2 the Formicid Fighter began the quest for the Orb.
     0 | D:1      | Reached XP level 1. HP: 18/18 MP: 1/1
   108 | D:1      | Reached XP level 2. HP: 23/24 MP: 2/2
   282 | D:1      | Reached XP level 3. HP: 29/30 MP: 3/3
   291 | D:1      | Reached skill level 3 in Long Blades
   914 | D:2      | Reached XP level 4. HP: 29/37 MP: 4/4
  1099 | D:2      | Found an ornate altar of the Wu Jian Council.
  1112 | D:2      | Reached skill level 4 in Long Blades
  1326 | D:2      | You fall into a shaft and drop 1 floor!
  1384 | D:2      | Reached XP level 5. HP: 42/42 MP: 5/5
  2467 | D:3      | Found a hide-covered altar of Uskayaw.
  2832 | D:3      | Reached XP level 6. HP: 49/49 MP: 6/6
  3112 | D:4      | Reached skill level 5 in Long Blades
  3401 | D:4      | Reached skill level 5 in Fighting
  3406 | D:4      | Found a basalt altar of Yredelemnul.
  3459 | D:4      | Found Lycsuiko's Jewellery Shop.
  3527 | D:4      | Noticed an ogre
  3547 | D:4      | Killed an ogre
  3548 | D:4      | Reached skill level 6 in Long Blades
  3548 | D:4      | Reached XP level 7. HP: 40/56 MP: 7/7
  3991 | D:4      | Found a shimmering blue altar of Sif Muna.
  4178 | D:4      | Noticed Robin
  4213 | D:4      | Killed Robin
  4299 | D:5      | Entered Level 5 of the Dungeon
  4331 | D:5      | Found a snail-covered altar of Cheibriados.
  4415 | D:5      | Found an iron altar of Okawaru.
  4534 | D:5      | Got an ancient ring mail
  4655 | D:5      | Reached skill level 7 in Long Blades
  4739 | D:5      | Reached XP level 8. HP: 64/64 MP: 8/8
  4742 | D:5      | Found a staircase to the Ecumenical Temple.
  4747 | Temple   | Entered the Ecumenical Temple
  4768 | Temple   | Became a worshipper of Makhleb the Destroyer
  4805 | D:5      | Noticed Ijyb
  4817 | D:5      | Killed Ijyb
  5358 | D:6      | Reached skill level 8 in Long Blades
  5636 | D:6      | Reached XP level 9. HP: 72/72 MP: 9/9
  5775 | D:6      | Found an iron altar of Okawaru.
  5779 | D:6      | Reached * piety under Makhleb
  5786 | D:6      | Reached skill level 9 in Long Blades
  5789 | D:6      | Noticed a two-headed ogre
  5814 | D:6      | Slain by a two-headed ogre

Illustrated notes

Levels and vault maps discovered:
D:1:      psy_arrival_wood_between_worlds, layout_basic, lemuel_another_geyser
D:2:      layout_loops_ring, nzn_wu_jian_contemplation
D:3:      layout_rooms, marbit_many_paths, saegor_snake_ambush
D:4:      layout_gridville, lemuel_doored_altar, lemuel_blue_sif_altar,
          serial_shops, shop, minivault_11, uniq_robin
D:5:      layout_loops_cross, lemuel_crystal_altar, kennysheep_mini_moat,
          temple_doors_e, uniq_ijyb
D:6:      layout_loops_corners, nrook_uturn, okawaru_metal_pillars_1_2
Temple:   cyrus_circular_temple

Skill      XL: |  1  2  3  4  5  6  7  8  9 |
---------------+----------------------------+-----
Long Blades    | 3 4 6 7 8 9 |  9.0
Fighting       | 4 5 6 7 |  7.4
Armour         | |  3.2
Shields        | |  3.6

Action                   |  1- 3 |  4- 6 |  7- 9 || total
-------------------------+-------+-------+-------++-------
Melee: Long sword        |    88 |   211 |   219 ||   518
Throw: Dart              |       |       |     3 ||     3
Armor: Scale mail        |    76 |   121 |    86 ||   283
Dodge: Dodged            |    42 |    63 |    57 ||   162
Block: Kite shield       |    65 |   105 |   104 ||   274
       Rpst.: Long sword |    11 |    16 |    16 ||    43
